 Dungeon Crawl Stone Soup version 0.24-a0-458-gfcb5e6da0e (webtiles) character file.

Game seed: 4083302008276518620

242 KristoblXynda the Slasher (level 5, -3/46 HPs)
             Began as a Draconian Gladiator on June 27, 2019.
             Was an Initiate of Ashenzari.
             Killed from afar by an orc wizard (5 damage)
             ... with a magic dart
             ... on level 4 of the Dungeon.
             The game lasted 00:03:19 (2368 turns).

KristoblXynda the Slasher (Draconian Gladiator)     Turns: 2368, Time: 00:03:20

Health: -3/46      AC:  6    Str: 17    XL:     5   Next: 81%
Magic:  5/5        EV: 13    Int:  9    God:    Ashenzari [......]
Gold:   64         SH:  0    Dex: 12    Spells: 4/4 levels left

rFire    . . .     SeeInvis +   a - +0 long sword
rCold    . . .     Gourm    .   (no shield)
rNeg     + . .     Faith    .   (armour unavailable)
rPois    .         Spirit   .   b - +0 hat
rElec    .         Reflect  .   (no cloak)
rCorr    .         Harm     .   p - +0 pair of gloves
MR       .....                  (no boots)
Stlth    +.........             (no amulet)
HPRegen  0.15/turn              h - ring of see invisible
MPRegen  0.09/turn              j - ring of positive energy

@: lethally poisoned (-3 -> -4)
A: unfitting armour, cold-blooded, AC +5
a: Curse Item, Renounce Religion


You were on level 4 of the Dungeon.
You worshipped Ashenzari.
Ashenzari was noncommittal.
You were hungry.

You visited 2 branches of the dungeon, and saw 4 of its levels.

You collected 64 gold pieces.

Inventory:

Hand Weapons
 a - a +0 long sword (weapon)
Missiles
 c - 3 throwing nets (quivered)
Armour
 b - a +0 hat (worn)
 p - a +0 pair of gloves (worn)
Jewellery
 h - a ring of see invisible (left hand)
 j - a ring of positive energy (right hand)
Scrolls
 f - a scroll of enchant weapon {unknown}
 g - 2 scrolls of magic mapping {unknown}
 k - a scroll of amnesia
Potions
 e - a potion of curing
 i - a potion of might
 l - 2 potions of brilliance
 m - a potion of invisibility {unknown}
 n - a potion of ambrosia {unknown}
 o - a potion of flight {unknown}
Comestibles
 d - 2 rations


   Skills:
 + Level 3.7 Fighting
 * Level 5.0 Long Blades
 - Level 2.0 Throwing
 + Level 3.7 Dodging


You had 4 spell levels left.
You didn't know any spells.
Your spell library was empty.

Dungeon Overview and Level Annotations

Branches:
Dungeon (4/15)             Temple (1/1) D:4

Altars:
Ashenzari
Cheibriados
Dithmenos
Elyvilon
Fedhas
Gozag
Hepliaklqana
Kikubaaqudgha
Makhleb
Nemelex Xobeh
Okawaru
Qazlal
Ru
Sif Muna
Trog
Uskayaw
Vehumet
Wu Jian
Xom
Yredelemnul
The Shining One

Shops:
D:4 ?


Innate Abilities, Weirdness & Mutations

Your plain brown scales are hard. (AC +5)
You cannot fit into any form of body armour.
You are cold-blooded and may be slowed by cold attacks.


Message History

You see here an uncursed scale mail.
The orc wizard shouts!
An orc comes into view. It is wielding a +0 war axe.
Items here: ))) [[ ††† Butcher an orc corpse? [(y)es/(n)o/(a)ll/(q)uit/?]
You butcher the orc corpse. x2
You butcher the worker ant corpse.
You feel sick.
Items here: %%% ))) [[ ÷÷ There isn't anything to butcher here.
You see here a +0 mace.
The orc wizard points at you and mumbles some strange words.
The magic dart hits you!
* * * LOW HITPOINT WARNING * * *
Items here: %%% ))) [[ ÷÷ You barely miss the orc wizard.
Your tail-slap misses the orc wizard.
The orc wizard hits you with a +0 dagger.
* * * LOW HITPOINT WARNING * * *
The orc wizard gestures at you while chanting.
The magic dart hits you.
You die...

...###### #. ......... #.
##... ... ##.. .... ..##
###... #..# #.. #......#..#
#.# .#
#......#..####.###.## .)
....>.....)@oo.....# .#.
##..##(.####.........
.#.#####......####.###.#..#
.................... .. .
........(............ ...
...................... ..
... ......##.#########.....
# .... ..<...##.#######
#####.# #.#
......##.#.....# #..


You could see an orc wizard and an orc.

Vanquished Creatures
  2 orc priests (D:4)
  A bullfrog skeleton (D:4)
  A worker ant (D:4)
  5 adders
  An ooze (D:2)
  2 dart slugs
  5 leopard geckos
  10 orcs (D:4)
  4 bats
  6 giant cockroaches
  2 hobgoblins
  10 jackals
  3 kobolds
  A ball python skeleton (D:4)
  3 frilled lizards
  4 goblins
  A quokka skeleton (D:2)
  5 rats
66 creatures vanquished.

Notes
Turn   | Place    | Note
-------+----------+-------------------------------------------
     0 | D:1      | KristoblXynda the Draconian Gladiator began the quest for
                  | the Orb.
     0 | D:1      | Reached XP level 1. HP: 17/17 MP: 1/1
   215 | D:1      | Reached XP level 2. HP: 21/25 MP: 2/2
   779 | D:2      | Reached XP level 3. HP: 29/30 MP: 3/3
   872 | D:2      | Reached XP level 4. HP: 21/38 MP: 4/4
   988 | D:2      | Reached skill level 4 in Long Blades
  1299 | D:2      | You fall into a shaft and drop 2 floors!
  1739 | D:4      | Reached XP level 5. HP: 44/45 MP: 5/5
  1828 | D:4      | Found a staircase to the Ecumenical Temple.
  1860 | D:4      | Found Cyptu's Magic Scroll Emporium.
  1862 | Temple   | Entered the Ecumenical Temple
  1870 | Temple   | Became a worshipper of Ashenzari the Shackled
  2353 | D:4      | Reached skill level 5 in Long Blades
  2368 | D:4      | HP: 2/46 [orc wizard/+0 dagger (1)]
  2368 | D:4      | Killed from afar by an orc wizard

Levels and vault maps discovered:
D:1:      minmay_arrival_radiant_lines, layout_loops_ring
D:2:      layout_rooms, makhleb_heckhound_becter
D:4:      layout_basic, minmay_temple_entry_glass, serial_shops, shop,
          corner_web_ring
Temple:   nicolae_temple_the_god_donut

Skill      XL: |  1  2  3  4  5 |
---------------+----------------+-----
Throwing       | 2 |  2.0
Dodging        | 3 |  3.7
Fighting       | 3 |  3.7
Long Blades    | 4 5 |  5.0

Action                   |  1- 3 |  4- 6 || total
-------------------------+-------+-------++-------
Melee: Long sword        |    90 |    79 ||   169
       Tailslap          |    11 |     9 ||    20
  Use: Potion            |     1 |     1 ||     2
       Scroll            |       |     4 ||     4
 Stab: Sleeping          |     1 |     1 ||     2
  Eat: Ration            |       |     1 ||     1
       Chunk             |       |     1 ||     1
Armor: Skin              |    38 |    23 ||    61
Dodge: Dodged            |    94 |    58 ||   152
       Rpst.: Long sword |    29 |    17 ||    46

Table legend:
 A = Non-vault XP
 B = Vault XP
 C = Vault XP percentage of total XP
 D = Non-vault monster count
 E = Vault monster count
 F = Vault count percentage of total count
                 A         B        C        D         E       F
            +---------+---------+-------+---------+---------+-------
      Total |     346 |       0 |   0.0 |      66 |       0 |   0.0
            +---------+---------+-------+---------+---------+-------
        D:1 |      36 |       0 |   0.0 |      19 |       0 |   0.0
        D:2 |     107 |       0 |   0.0 |      30 |       0 |   0.0
        D:4 |     203 |       0 |   0.0 |      17 |       0 |   0.0
            +---------+---------+-------+---------+---------+-------
